 Dungeon Crawl Stone Soup version 0.29-a0-294-g83ea962da3 (webtiles) character file.

Game seed: 4144321309064968836

23 Dabor the Sneak (level 3, 0/19 HPs)
             Began as a Kobold Enchanter on Mar 18, 2022.
             Succumbed to a kobold's poison
             ... on level 1 of the Dungeon.
             The game lasted 00:01:45 (762 turns).

Dabor the Sneak (Kobold Enchanter)                   Turns: 762, Time: 00:01:46

Health: 0/19       AC:  2    Str:  5    XL:     3   Next: 10%
Magic:  1/6        EV: 12    Int: 16    God:
Gold:   29         SH:  0    Dex: 17    Spells: 5/7 levels left

rFire   . . .      SeeInvis .   a - +1 dagger
rCold   . . .      Faith    .   (no shield)
rNeg    . . .      Spirit   .   b - +0 robe
rPois   .          Reflect  .   (no helmet)
rElec   .          Harm     .   (no cloak)
rCorr   .          Rampage  .   (no gloves)
Will    .....                   (no boots)
Stlth   ++++......              (no amulet)
HPRegen 0.06/turn               (no ring)
MPRegen 0.10/turn               (no ring)

@: lethally poisoned (0 -> -8), constricted, invisible
A: small, no large weapons, nightstalker 3
a: no special abilities


You were on level 1 of the Dungeon.
You visited 1 branch of the dungeon, and saw 1 of its levels.

You collected 29 gold pieces.

Inventory:

Hand Weapons
 a - a +1 dagger (weapon)
Armour
 b - a +0 robe (worn)
Scrolls
 d - a scroll of fog


   Skills:
 + Level 0.2 Fighting
 * Level 1.7 Short Blades
 * Level 2.5 Dodging
 * Level 4.4 Stealth
 * Level 2.5 Spellcasting
 * Level 3.2 Hexes
 + Level 0.4 Ice Magic


You had 5 spell levels left.
You knew the following spells:

 Your Spells              Type           Power      Damage    Failure   Level
a - Ensorcelled Hibernat  Hex/Ice        14%        N/A       14%         2

Your spell library contained the following spells:

 Spells                   Type           Power      Damage    Failure   Level
 Confusing Touch          Hex            12%        N/A       16%         3
 Tukima's Dance           Hex            12%        N/A       16%         3
 Dazzling Flash           Conj/Hex       14%        N/A       30%         3


Dungeon Overview and Level Annotations

Branches:
Dungeon (1/15)

Altars:


Innate Abilities, Weirdness & Mutations

You are small and have problems with some larger weapons.
You are completely attuned to the shadows.


Message History

Aiming: Ensorcelled Hibernation (safe; 14% risk of failure)
Press: ? - help, Q - select action Shift-Dir - straight line, f/p - kobold
Aim: a kobold, wielding a +1 short sword of protection (chance to affect: 58%)
The kobold resists with significant effort.
A kobold comes into view. It is wielding a +2 whip of venom.
Aiming: Ensorcelled Hibernation (safe; 14% risk of failure)
Press: ? - help, Q - select action Shift-Dir - straight line, f/p - kobold
Aim: a kobold, wielding a +1 short sword of protection (chance to affect: 58%)
The kobold looks drowsy...
The kobold shouts!
The kobold throws a stone.
The stone completely misses you.
The helpless kobold fails to defend itself.
You impale the kobold!!
You kill the kobold!
A ball python comes into view.
You hit the kobold but do no damage.
The kobold hits you with a +2 whip of venom.
You are poisoned.
You hit the kobold but do no damage.
You feel sick. The ball python barely misses you.
The ball python closely misses you.
The kobold hits you with a +2 whip of venom.
You are lethally poisoned!
You hit the kobold but do no damage.
You feel very sick. The ball python closely misses you.
The ball python grabs you. The ball python constricts you.
The kobold barely misses you.
You escape the ball python's grasp.
* * * LOW HITPOINT WARNING * * *
You feel sick.
The ball python bites you but does no damage.
The ball python grabs you. The ball python constricts you.
You fade into invisibility!
* * * LOW HITPOINT WARNING * * *
You feel very sick. The ball python misses you. The ball python constricts you.
* * * LOW HITPOINT WARNING * * *
The kobold closely misses you.
As you read the scroll of fog, it crumbles to dust.
The scroll dissolves into smoke.
You die...

.........................
.............#.##.##.##..
####........ #.#..##.#
#...##### #.#.###.# #...#
#.......# #>.># ###.#####
####§### ##..§§§.#
...##@#... #...KS#..#
#..§...... ......#..
#.....#.. #......


You could see a ball python (can't see you) and a kobold (can't see you).

Vanquished Creatures
  A dart slug (D:1)
  3 endoplasms (D:1)
  A giant cockroach (D:1)
  2 hobgoblins (D:1)
  4 jackals (D:1)
  2 kobolds (D:1)
  2 ball pythons (D:1)
  A frilled lizard (D:1)
  2 rats (D:1)
18 creatures vanquished.

Notes
Turn   | Place    | Note
-------+----------+-------------------------------------------
     0 | D:1      | Dabor the Kobold Enchanter began the quest for the Orb.
     0 | D:1      | Reached XP level 1. HP: 10/10 MP: 3/3
   256 | D:1      | Reached XP level 2. HP: 15/15 MP: 5/5
   313 | D:1      | Learned a level 2 spell: Ensorcelled Hibernation
   447 | D:1      | Reached XP level 3. HP: 5/19 MP: 0/6
   762 | D:1      | Succumbed to a kobold's poison

Illustrated notes

Levels and vault maps discovered:
D:1:      dreamdust_arrival_sigmund_warning, layout_loops_cross,
          hellmonk_ecumenical_altar_zigzags

Action                   || total
-------------------------++-------
Melee: Dagger            ||    50
 Cast: Ensorcelled Hiber ||    10
  Use: Scroll            ||     2
       Potion            ||     2
 Stab: Sleeping          ||    11
       Invisible         ||     1
Armor: Robe              ||     8
Dodge: Dodged            ||    51

Table legend: (Time is in decaauts)
 A = Elapsed time spent in this place.
 B = Non-inter-level travel time spent in this place.
 C = Inter-level travel time spent in this place.
 D = Time resting spent in this place.
 E = Time spent auto-exploring this place.
 F = Levels seen in this place.
 G = Mean time per level.
                   A        B        C        D        E       F      G
               +--------+--------+--------+--------+--------+-----+--------+
         Total |    757 |    757 |      0 |     50 |    560 |   1 |  757.0 |
       Dungeon |    757 |    757 |      0 |     50 |    560 |   1 |  757.0 |
               +--------+--------+--------+--------+--------+-----+--------+

Top non-repeatable levels by time:
     D:1: 757 daAuts
